 Dungeon Crawl Stone Soup version 0.25.0-9-g26727b657a (webtiles) character file.

Game seed: 17181721921319313322

59 mortelune the Skirmisher (level 3, -6/29 HPs)
             Began as a Demonspawn Chaos Knight on June 17, 2020.
             Was a Plaything of Xom.
             Killed by nerve-wracking pain
             ... invoked by an orc priest
              (7 damage)
             ... on level 3 of the Dungeon.
             The game lasted 00:04:00 (1653 turns).

mortelune the Skirmisher (Demonspawn Chaos Knight)  Turns: 1653, Time: 00:04:01

Health: -6/29      AC:  5    Str: 13    XL:     3   Next: 78%
Magic:  3/3        EV: 11    Int: 13    God:    Xom [..*...]
Gold:   53         SH:  0    Dex: 12    Spells: 2/2 levels left

rFire    . . .     SeeInvis .   a - +1 falchion (chaos)
rCold    . . .     Gourm    .   (no shield)
rNeg     . . .     Faith    .   b - +2 leather armour
rPois    .         Spirit   .   (no helmet)
rElec    .         Reflect  .   (no cloak)
rCorr    .         Harm     .   (no gloves)
MR       +....                  (no boots)
Stlth    +.........             (no amulet)
HPRegen  0.09/turn              M - ring of protection from magic
MPRegen  0.08/turn              (no ring)

@: no status effects
A: talons 1
a: Renounce Religion


You were on level 3 of the Dungeon.
You worshipped Xom.
You were a toy of Xom.
You were not hungry.

You visited 1 branch of the dungeon, and saw 3 of its levels.

You collected 53 gold pieces.

Inventory:

Hand Weapons
 a - a +1 falchion of chaos (weapon)
Armour
 b - a +2 leather armour (worn)
Jewellery
 M - a ring of protection from magic (left hand)
Scrolls
 d - a scroll of remove curse
 i - a scroll of identify
 B - a scroll of blinking
Potions
 f - a potion of invisibility {unknown}
 j - a potion of cancellation {unknown}
 k - a potion of flight {unknown}
 o - a potion of brilliance {unknown}
Comestibles
 c - 4 rations
 g - 3 chunks of flesh


   Skills:
 + Level 3.4 Fighting
 * Level 3.4 Long Blades
 + Level 2.3 Armour
 - Level 1.2 Dodging


You had 2 spell levels left.
You didn't know any spells.
Your spell library contained the following spells:

 Spells                   Type           Power        Failure   Level  Hunger
 Animate Skeleton         Necr           N/A          36%         1    ##.....
 Apportation              Tloc           #.....       36%         1    ##.....
 Corona                   Hex            #......      36%         1    ##.....
 Summon Small Mammal      Summ           #...         36%         1    ##.....


Dungeon Overview and Level Annotations

Branches:
Dungeon (3/15)

Altars:

Annotations:
D:2 Robin


Innate Abilities, Weirdness & Mutations

You have sharp toenails.


Message History

* * * LOW HITPOINT WARNING * * *
The orc hits you from afar with a +0 trident.
* * * LOW HITPOINT WARNING * * *
The hobgoblin hits you.
* * * LOW HITPOINT WARNING * * *
As you read the scroll labeled NEIT RENGOTE, it crumbles to dust.
You feel aware of your surroundings.
It was a scroll of magic mapping.
The orc barely misses you.
You riposte.
You hit the orc.
Flame seeps out of the orc.
Your kick misses the orc.
The orc is moderately wounded.
The orc barely misses you. The hobgoblin misses you.
As you read the scroll labeled UTE KOUWUECOSK, it crumbles to dust.
It is a scroll of enchant weapon.
Your +0 falchion of chaos glows red for a moment.
The hobgoblin misses you. The orc barely misses you.
The orc hits you but does no damage. The orc misses you.
The orc priest calls down the wrath of Beogh upon you.
Pain shoots through your body!
You die...
Xom guffaws!

,≈≈*≈≈≈≈≈#.*#.#.#.######
≈≈≈≈≈≈*≈≈≈≈##.#.#.#
,≈≈≈≈≈≈*≈≈≈P≈P#,#!#
,,,,,,≈≈*≈≈≈P≈.,#.#
*,***,≈≈*≈≈♣≈P.##o## ,,*
*≈≈≈≈*♣≈≈≈P....#
,,***≈≈≈*≈♣≈≈P§o§§.#
,,,,,,≈≈≈≈♣≈P≈§ogo§#
≈≈,,≈≈***≈PP≈P§o@o§#
≈≈≈≈≈*≈≈≈PP≈..§§§§.#
≈≈*≈≈≈≈,≈≈##..§.§§§#
,,≈≈≈≈,≈***#...§...#
*******,* #...[...#
,,*****+***#########
,,*,,,,,,,,,,*
,,*,,,,,,,,,,*
,,*,,,,,,,,,,*


You could see an orc priest (inner flame), 4 orcs and a hobgoblin (fast, inner
flame).

Vanquished Creatures
  An adder (D:2)
  2 oozes
  A worm (D:2)
  2 ball pythons (D:1)
  3 bats
  9 goblins
  5 hobgoblins (D:1)
  2 jackals (D:1)
  A frilled lizard (D:1)
  2 kobolds
  9 rats
37 creatures vanquished.

Notes
Turn   | Place    | Note
-------+----------+-------------------------------------------
     0 | D:1      | mortelune the Demonspawn Chaos Knight began the quest for
                  | the Orb.
     0 | D:1      | Reached XP level 1. HP: 18/18 MP: 1/1
    55 | D:1      | Reached skill level 1 in Dodging
   260 | D:1      | XOM: potion effect (might)
   281 | D:1      | Gained mutation: You have sharp toenails. [demonic
                  | ancestry]
   281 | D:1      | Reached XP level 2. HP: 24/24 MP: 2/2
   495 | D:1      | XOM: silly message
   947 | D:1      | XOM: silly message
  1017 | D:2      | Reached XP level 3. HP: 26/29 MP: 3/3
  1109 | D:2      | Noticed Robin
  1460 | D:2      | XOM: potion effect (heal wounds)
  1464 | D:2      | XOM: silly message
  1633 | D:3      | XOM: butterfly on damage
  1647 | D:3      | Xom revived you
  1651 | D:3      | HP: 1/29 [hobgoblin (2)]
  1653 | D:3      | Killed from afar by an orc priest

Illustrated notes

Levels and vault maps discovered:
D:1:      heliophobic_arrival_glass_houses, layout_basic,
          minmay_misc_feat_nine_boxes
D:2:      layout_basic, kennysheep_decorative_pillar, nrook_mini_vaults,
          grunt_ministairs_10, nicolae_ashenzari_panopticon, uniq_robin
D:3:      layout_basic, first_ration, serial_bayou_lagoon_a

Skill      XL: |  1  2 |
---------------+-------+-----
Dodging        | 1 |  1.2
Armour         | 2 |  2.3
Long Blades    | 3 |  3.4
Fighting       | |  3.4

Action                   || total
-------------------------++-------
Melee: Falchion          ||    80
       Kick              ||    20
  Use: Scroll            ||     6
  Eat: Chunk             ||     2
Armor: Leather armour    ||    44
Dodge: Dodged            ||    63
       Rpst.: Falchion   ||    15
